 Dungeon Crawl Stone Soup version 0.25-a0-1132-g9d38388ac0 (webtiles) character file.

Game seed: 16008639053334704859, levelgen mode: deterministic

6 Maedhros the Charlatan (level 1, -3/13 HPs)
             Began as an Octopode Artificer on May 20, 2020.
             Slain by an orc
             ... wielding a +0 whip
              (7 damage)
             ... on level 3 of the Dungeon.
             The game lasted 00:01:10 (206 turns).

Maedhros the Charlatan (Octopode Artificer)          Turns: 206, Time: 00:01:11

Health: -3/13      AC:  1    Str: 11    XL:     1   Next: 90%
Magic:  3/3        EV: 13    Int: 13    God:
Gold:   29         SH:  0    Dex: 12    Spells: 0/0 levels left

rFire    . . .     SeeInvis .   a - +0 short sword
rCold    . . .     Gourm    .   (no shield)
rNeg     . . .     Faith    .   (helmet restricted)
rPois    .         Spirit   .   (no amulet)
rElec    .         Reflect  .   (no ring)
rCorr    .         Harm     .   (no ring)
MR       .....                  (no ring)
Stlth    +++.......             (no ring)
HPRegen  0.04/turn              (no ring)
MPRegen  0.08/turn              (no ring)
                                (no ring)
                                (no ring)

@: no status effects
A: almost no armour, stealthy swim, amphibious, 8 rings, constrict 8, camouflage
1, gelatinous body 1
a: no special abilities


You were on level 3 of the Dungeon.
You were not hungry.

You visited 1 branch of the dungeon, and saw 3 of its levels.

You collected 29 gold pieces.

Inventory:

Hand Weapons
 a - a +0 short sword (weapon)
Wands
 b - a wand of flame (15)
 c - a wand of enslavement (14)
 d - a wand of random effects (15)
Scrolls
 h - a scroll of identify {unknown}
 i - a scroll of fear {unknown}
Potions
 e - 3 potions of lignification {unknown}
 g - a potion of haste {unknown}
Comestibles
 f - a ration


   Skills:
 - Level 1.0 Fighting
 - Level 1.0 Short Blades
 - Level 2.0 Dodging
 + Level 2.7 Stealth
 - Level 3.2 Evocations


You couldn't memorise any spells.
You didn't know any spells.
Your spell library was empty.

Dungeon Overview and Level Annotations

Branches:
Dungeon (2/15)

Altars:

Annotations:
D:3 Sigmund


Innate Abilities, Weirdness & Mutations

You cannot wear most types of armour.
You are very stealthy in the water. (Stealth+)
You are amphibious.
You can wear up to eight rings at the same time.
You can use your tentacles to constrict eight enemies at once.
Your skin changes colour to match your surroundings (Stealth+).
Your rubbery body absorbs attacks. (AC +1, EV +1)


Message History

The shaft crumbles and collapses.
A rat, a goblin, a kobold, 5 orcs, Sigmund and 2 snakes come into view.
Sigmund shouts!
The orc shouts!
The goblin shouts!
The adder hisses angrily.
The orc wizard shouts!
The orc shouts!
The kobold shouts!
You hear a shout!
The orc shouts! x2
Found a dented fluorescent amulet and 27 stones.
Found an escape hatch in the floor.
Found a stone staircase leading up.
Evoke which item? (* to show all) (? for menu, Esc to quit)
Okay, then.
Okay, then.
Evoke which item? (* to show all) (? for menu, Esc to quit)
Aiming: Enslavement
Press: ? - help, Shift-Dir - straight line Sigmund struggles to resist.
A hound comes into view.
The adder bites you. The orc completely misses you. The orc hits you.
The orc hits you with a +0 whip!
Ouch! That really hurt!
You die...

..... #..#
.....###..#
.......>.##
.Kho....(
#......#
#...o.r#
#..ogo.####
#..@SS@..<#
#....o#####
#+#####


You could see Sigmund, a hound, an orc wizard, an adder, 4 orcs, a goblin, a
ball python, a kobold and a rat.

Vanquished Creatures
  A worm (D:2)
  A quokka (D:2)
  A bat (D:2)
  A goblin (D:2)
4 creatures vanquished.

Notes
Turn   | Place    | Note
-------+----------+-------------------------------------------
     0 | D:1      | Maedhros the Octopode Artificer began the quest for the
                  | Orb.
     0 | D:1      | Reached XP level 1. HP: 13/13 MP: 3/3
   203 | D:2      | You fall into a shaft and drop 1 floor!
   203 | D:3      | Noticed Sigmund
   203 | D:3      | Noticed an orc wizard
   204 | D:3      | Noticed a hound
   206 | D:3      | Slain by an orc

Illustrated notes

Levels and vault maps discovered:
D:1:      dpeg_arrival_snail, layout_loops_ring
D:2:      layout_basic, kennysheep_donut, minivault_26, minmay_joined_circles
D:3:      layout_basic, first_ration, uniq_sigmund

Skill      XL: |  1 |
---------------+----+-----
Stealth        | 2 |  2.7
Fighting       | |  1.0
Short Blades   | |  1.0
Dodging        | |  2.0
Evocations     | |  3.2

Action                   || total
-------------------------++-------
Melee: Short sword       ||    10
       Constrict         ||     3
       Tentacles         ||     2
Evoke: Wand              ||     1
Armor: Skin              ||     1
Dodge: Dodged            ||     6

Table legend:
 A = Non-vault XP
 B = Vault XP
 C = Vault XP percentage of total XP
 D = Non-vault monster count
 E = Vault monster count
 F = Vault count percentage of total count
                 A         B        C        D         E       F
            +---------+---------+-------+---------+---------+-------
      Total |       9 |       0 |   0.0 |       4 |       0 |   0.0
            +---------+---------+-------+---------+---------+-------
        D:2 |       9 |       0 |   0.0 |       4 |       0 |   0.0
            +---------+---------+-------+---------+---------+-------
